 Dungeon Crawl Stone Soup version 0.18-a0-1562-gac8da35 (webtiles) character file.

99 M4edhros the Charlatan (level 4, 0/28 HPs)
             Began as an Octopode Artificer on Mar 14, 2016.
             Was an Initiate of Okawaru.
             Succumbed to an adder's poison
             ... on level 3 of the Dungeon.
             The game lasted 00:02:36 (2190 turns).

M4edhros the Charlatan (Octopode Artificer)         Turns: 2190, Time: 00:02:37

Health: 0/28       AC:  1    Str: 12 (14) XL:     4   Next: 72%
Magic:  6/6        EV: 10    Int: 12 (14) God:    Okawaru [......]
Gold:   128        SH:  7    Dex: 12 (13) Spells: 0 memorised, 3 levels left

rFire  . . .     SeeInvis .     a - +0 short sword
rCold  . . .     Gourm    .     r - +0 shield
rNeg   . . .     Faith    .     (helmet restricted)
rPois  .         Spirit   .     (no amulet)
rElec  .         Dismiss  .     v - +4 ring of strength
rCorr  .         Reflect  .     (no ring)
SustAt .         Harm     .     (no ring)
MR     .....                    (no ring)
Stlth  +++.......               (no ring)
                                (no ring)
                                (no ring)
                                (no ring)

@: lethally poisoned (0 -> -2), drained, not resistant to hostile enchantments,
fairly stealthy
A: almost no armour, amphibious, 8 rings, constrict 8, camouflage 1, gelatinous
body 1
a: Renounce Religion


You were on level 3 of the Dungeon.
You worshipped Okawaru.
Okawaru was noncommittal.
You were not hungry.

You visited 1 branch of the dungeon, and saw 3 of its levels.

You collected 128 gold pieces.

Inventory:

Hand Weapons
 a - a +0 short sword (weapon)
Armour
 r - a +0 shield (worn)
Jewellery
 j - an uncursed ring of ice
 o - an uncursed amulet of harm
 v - a +4 ring of strength (left tentacle)
Wands
 b - a wand of flame (15/48)
 c - a wand of enslavement (12/24)
 d - a wand of random effects (15/48)
Scrolls
 h - a scroll of noise {unknown}
 i - 3 scrolls of identify {unknown}
 k - a scroll of fog {unknown}
 l - a scroll of enchant armour {unknown}
 n - a scroll of immolation {unknown}
 q - 2 scrolls of fear {unknown}
 t - 2 scrolls of remove curse {unknown}
 y - a scroll of teleportation {unknown}
Comestibles
 f - 2 bread rations
 s - 3 meat rations
 w - a slice of pizza


   Skills:
 - Level 1.0(0.3) Fighting
 - Level 1.0(0.3) Short Blades
 + Level 3.4(2.7) Dodging
 - Level 2.7(2.1) Stealth
 + Level 2.0(1.4) Shields
 - Level 3.6(2.9) Evocations


You had 3 spell levels left.
You didn't know any spells.

Dungeon Overview and Level Annotations

Branches:
Dungeon (3/15)

Altars:
Okawaru


Innate Abilities, Weirdness & Mutations

You cannot wear most types of armour.
You are amphibious.
You can wear up to eight rings at the same time.
You can use your tentacles to constrict eight enemies at once.
Your skin changes colour to match your surroundings (Stealth).
Your rubbery body absorbs attacks (AC +1).


Message History

You feel sick. Okawaru accepts your kill.
You feel a bit more experienced. Okawaru accepts your kill.
You feel a bit more experienced.
* * * LOW HITPOINT WARNING * * *
You feel sick.
* * * LOW HITPOINT WARNING * * *
You feel sick. Okawaru accepts your kill.
You feel a bit more experienced.
* * * LOW HITPOINT WARNING * * *
You feel sick. Okawaru accepts your kill.
You feel a bit more experienced. Okawaru accepts your kill.
You feel a bit more experienced.
* * * LOW HITPOINT WARNING * * *
You feel sick.
You die...

....S# #..
#..#........#
....r# #..
#..#........#
[....+ ...
#..#........#
.....#
#...........#
?....#
##..........#
##.........#
#...#######
#...# #..@#
#.....>.#
#######.# #.#
#.# #.# #.#
.$#


There were no monsters in sight!

Vanquished Creatures
  2 adders
  2 oozes
  2 worms
  4 dart slugs
  3 giant geckos (D:3)
  A ball python (D:3)
  3 bats
  4 giant cockroaches
  6 hobgoblins
  3 jackals
  4 kobolds
  2 quokkas
  7 giant newts
  5 goblins
  6 rats
54 creatures vanquished.

Vanquished Creatures (collateral kills)
  A hobgoblin (D:3)
  3 jackals (D:3)
  A rat (D:3)
5 creatures vanquished.

Grand Total: 59 creatures vanquished

Notes
Turn   | Place    | Note
--------------------------------------------------------------
     0 | D:1      | M4edhros the Octopode Artificer began the quest for the Orb.
     0 | D:1      | Reached XP level 1. HP: 13/13 MP: 3/3
   256 | D:1      | Reached XP level 2. HP: 12/18 MP: 4/4
   668 | D:1      | Reached XP level 3. HP: 23/23 MP: 5/5
  1192 | D:3      | Reached skill level 1 in Shields
  1194 | D:3      | Found an iron altar of Okawaru.
  1225 | D:3      | Became a worshipper of Warmaster Okawaru
  1570 | D:2      | Reached XP level 4. HP: 28/28 MP: 6/6
  2182 | D:3      | HP: 1/28 [poisoned by an adder]
  2190 | D:3      | Succumbed to an adder's poison

Vault maps used:
D:1:      dpeg_arrival_solitude
D:3:      okawaru_metal_pillars_1_2

Skill      XL: |  1  2  3  4 |
---------------+-------------+-----
Stealth        | 2 |  2.7
Shields        | 1 2 |  2.0
Dodging        | 3 |  3.4
Fighting       | |  1.0
Short Blades   | |  1.0
Evocations     | |  3.6

Action                   |  1- 3 |  4- 6 || total
-------------------------+-------+-------++-------
Melee: Short sword       |    89 |    46 ||   135
Evoke: Wand              |       |     3 ||     3
  Use: Potion            |       |     7 ||     7
 Stab: Sleeping          |    10 |     5 ||    15
       Distracted        |     1 |       ||     1
  Eat: Chunk             |     2 |     3 ||     5
